 Seeded DCSS version 0.25.1-2-g60ff931df9 (webtiles) character file.

Game seed: 12364180997856489815 (custom seed)

79 babuloseo the Skirmisher (level 4, 0/37 HPs)
             Began as a Human Fighter on Oct 24, 2020.
             Was an Initiate of Qazlal.
             Slain by a shadow imp (3 damage)
             ... summoned by Natasha
             ... on level 2 of the Dungeon.
             The game lasted 00:01:46 (1239 turns).

babuloseo the Skirmisher (Human Fighter)            Turns: 1239, Time: 00:01:46

Health: 0/37       AC:  6    Str: 16    XL:     4   Next: 64%
Magic:  4/4        EV:  7    Int:  9    God:    Qazlal [......]
Gold:   56         SH:  9    Dex: 13    Spells: 3/3 levels left

rFire    . . .     SeeInvis .   a - +0 long sword
rCold    . . .     Gourm    .   c - +0 kite shield
rNeg     . . .     Faith    .   b - +0 scale mail
rPois    .         Spirit   .   (no helmet)
rElec    .         Reflect  .   n - scarf {harm}
rCorr    .         Harm     +   (no gloves)
MR       .....                  (no boots)
Stlth    ..........             (no amulet)
HPRegen  0.12/turn              (no ring)
MPRegen  0.09/turn              (no ring)

@: no status effects
A: no striking features
a: Renounce Religion


You were on level 2 of the Dungeon.
You worshipped Qazlal.
Qazlal was noncommittal.
You were not hungry.

You visited 1 branch of the dungeon, and saw 2 of its levels.

You collected 56 gold pieces.

Inventory:

Hand Weapons
 a - a +0 long sword (weapon)
Armour
 b - a +0 scale mail (worn)
 c - a +0 kite shield (worn)
 n - a scarf of harm (worn)
Scrolls
 e - a scroll of remove curse {unknown}
 h - a scroll of blinking {unknown}
 i - a scroll of fear {unknown}
 j - a scroll of enchant weapon {unknown}
 k - a scroll of magic mapping {unknown}
Potions
 d - a potion of might
 l - a potion of cancellation
 m - a potion of invisibility {unknown}
 o - a potion of heal wounds {unknown}
 p - a potion of lignification {unknown}
Comestibles
 f - 3 rations
 g - 3 chunks of flesh


   Skills:
 * Level 3.7 Fighting
 * Level 3.0 Long Blades
 + Level 3.2 Armour
 + Level 1.0 Dodging
 + Level 3.3 Shields


You had 3 spell levels left.
You didn't know any spells.
Your spell library was empty.

Dungeon Overview and Level Annotations

Branches:
Dungeon (2/15)

Altars:
Qazlal

Annotations:
D:2 Natasha


Message History

You are too injured to fight recklessly!
You are too injured to fight recklessly!
Unknown command.
You barely miss Natasha. Natasha claws you. The shadow imp hits you.
You barely miss Natasha. Natasha barely misses you.
You block the shadow imp's attack. Natasha claws you!
* * * LOW HITPOINT WARNING * * *
You hit Natasha.
Natasha is moderately wounded.
The shadow imp gestures at you.
You barely resist. You block Natasha's attack.
The crimson imp blinks!
You block the shadow imp's attack.
You closely miss Natasha.
Natasha is moderately wounded.
Natasha closely misses you. The shadow imp hits you.
* * * LOW HITPOINT WARNING * * *
Unknown command.
It was a potion of cancellation.
You feel magically purged. You block Natasha's attack. The shadow imp hits you.
You die...

## # .. <.........#..
## ># ...#
.....#......#
###.####. .# ....
......5...ยง .........
.# ...# #........
.##.####. .# #..#
#....... #.. .# #..#
#.....(# # #.# .# #.?#
##....h5#.# ##
####..###.# #..@.#.#
.....?...)# #.#.#..##
####.).#######....#..#
#..............###.#
#.###.########..#..###
#.# #... #.......#
#.###.### ####..####
###.....### ###...###
..........# #E#...#E#


You could see Natasha, a crimson imp (summoned) and a shadow imp (summoned).

Vanquished Creatures
  Natasha (D:2)
  An adder (D:2)
  An ooze (D:2)
  A worm (D:2)
  A ball python (D:1)
  3 giant cockroaches
  4 goblins
  4 hobgoblins
  4 jackals (D:2)
  5 kobolds
  A quokka (D:2)
  7 bats
  2 frilled lizards (D:1)
  3 rats
38 creatures vanquished.

Notes
Turn   | Place    | Note
-------+----------+-------------------------------------------
     0 | D:1      | babuloseo the Human Fighter began the quest for the Orb.
     0 | D:1      | Reached XP level 1. HP: 18/18 MP: 1/1
    82 | D:1      | Reached XP level 2. HP: 24/24 MP: 2/2
   570 | D:1      | Reached XP level 3. HP: 29/29 MP: 3/3
   948 | D:2      | Reached XP level 4. HP: 36/36 MP: 4/4
   970 | D:2      | Noticed Natasha
   974 | D:2      | Killed Natasha
  1075 | D:2      | Found a stormy altar of Qazlal.
  1077 | D:2      | Noticed a water elemental
  1078 | D:2      | Noticed an air elemental
  1078 | D:2      | Noticed an earth elemental
  1078 | D:2      | Noticed a fire elemental
  1197 | D:2      | Reached skill level 1 in Dodging
  1219 | D:2      | Became a worshipper of Qazlal Stormbringer
  1228 | D:2      | Noticed Natasha
  1239 | D:2      | Slain by a shadow imp

Illustrated notes

Levels and vault maps discovered:
D:1:      dpeg_arrival_stonehenge_8_columns, layout_basic
D:2:      layout_loops_ring, zin_treasury, nicolae_qazlal_style_of_elements,
          uniq_natasha

Skill      XL: |  1  2  3  4 |
---------------+-------------+-----
Long Blades    | 3 |  3.0
Dodging        | 1 |  1.0
Fighting       | |  3.7
Armour         | |  3.2
Shields        | |  3.3

Action                   |  1- 3 |  4- 6 || total
-------------------------+-------+-------++-------
Melee: Long sword        |   103 |    28 ||   131
  Use: Potion            |       |     1 ||     1
  Eat: Chunk             |       |     1 ||     1
Armor: Scale mail        |    54 |     6 ||    60
Dodge: Dodged            |    43 |    13 ||    56
Block: Kite shield       |    64 |    11 ||    75
       Rpst.: Long sword |     8 |     2 ||    10
